Map: Prion Terraces

Players

Frozzen - Winner!

  • Race: Zerg Zerg

A.I. 1 (Easy)

  • Race: Protoss Protoss

VOD

Have the link to the VOD?

Description

Time

  • Played on: Nov. 12, 2015, 6:52 p.m.
  • Length: 9:01
Show
View Real Time Build Order
Export as new Build Order

Frozzen Zerg - Winner!

Build Orders: Hatch First 

Get SALT Encoding   

  12  0:01  Drone  
  13  0:12  Overlord  
  13  0:18  Drone  
  14  0:31  Drone x2  
  14  0:34  Drone  
  17  0:54  Hatchery  
  17  0:57  Drone  
  17  0:58  Drone  
  18  1:12  Spawning Pool  
  18  1:15  Drone  
  18  1:19  Drone  
  18  1:23  Extractor  
  18  1:28  Drone  
  19  1:38  Overlord  
  19  1:59  Queen  
  19  2:00  Zergling x2  
  22  2:03  Zergling x2  
  22  2:06  Queen  
  22  2:07  Drone  
  26  2:11  Drone  
  27  2:23  Overlord  
  27  2:25  Drone  
  27  2:27  Metabolic Boost  
  27  2:29  Drone  
  29  2:37  Drone  
  29  2:39  Drone  
  29  2:43  Drone  
  32  2:51  Drone  
  32  2:55  Drone  
  34  2:58  Hatchery  
  34  3:04  Drone  
  34  3:07  Drone x2  
  34  3:08  Drone x2  
  38  3:12  Lair  
  38  3:23  Zergling x2  
  38  3:24  Zergling x4  
  38  3:25  Drone  
  38  3:26  Overlord  
  41  3:30  Drone  
  41  3:33  Extractor  
  41  3:36  Roach Warren, Drone  
  41  3:39  Drone  
  42  3:41  Drone  
  43  3:52  Zergling x2  
  43  3:53  Zergling x2  
  43  3:54  Overlord x2  
  45  4:06  Drone  
  45  4:07  Drone x4  
  48  4:20  Spine Crawler  
  48  4:24  Roach x6  
  48  4:26  Overseer  
  58  4:32  Drone x4  
  58  4:33  Extractor  
  58  4:34  Glial Reconstitution  
  61  4:44  Overlord  
  61  4:45  Overlord  
  61  4:50  Drone  
  61  4:51  Extractor  
  61  4:54  Drone x2  
  61  4:59  Drone x2  
  66  5:00  Drone  
  66  5:01  Queen  
  66  5:02  Drone x2  
  70  5:08  Hydralisk Den  
  69  5:14  Evolution Chamber x2  
  69  5:15  Drone x4  
  69  5:18  Drone  
  69  5:19  Drone  
  69  5:20  Drone  
  74  5:26  Ravager x3  
  74  5:28  Roach x2  
  81  5:30  Drone  
  82  5:36  Drone  
  82  5:37  Drone x6, Overlord  
  89  5:45  Overlord  
  89  5:52  Muscular Augments  
  89  5:55  Overlord, Queen  
  89  5:56  Overlord  
  91  6:05  Hydralisk  
  91  6:06  Hydralisk x4  
  99  6:11  Drone  
  99  6:12  Drone x2  
  99  6:17  Extractor  
  99  6:18  Extractor  
  100  6:22  Hydralisk x4  
  100  6:24  Zergling x2  
  100  6:25  Zergling x6  
  112  6:46  Hydralisk  
  112  6:47  Hydralisk x3  
  112  6:49  Overlord x4  
  120  6:59  Overlord x3  
  120  7:04  Zerg Ground Armor Level 1  
  120  7:05  Zerg Missile Weapons Level 1, Hatchery, Infestation Pit  
  118  7:10  Zergling x2  
  118  7:11  Zergling x22  
  130  7:15  Pneumatized Carapace  
  130  7:37  Roach x6  
  130  7:38  Roach  
  130  7:42  Pathogen Glands  
  130  7:43  Hive  
  142  8:09  Drone  
  142  8:10  Drone x3  
Show
View Real Time Build Order
Export as new Build Order

A.I. 1 (Easy) Protoss 

Build Orders:  

Get SALT Encoding   

  12  0:01  Probe (Chrono Boost)  
  13  0:11  Probe (Chrono Boost)  
  14  0:20  Pylon  
  14  0:22  Probe (Chrono Boost)  
  15  0:38  Probe (Chrono Boost)  
  16  0:43  Assimilator  
  16  0:49  Gateway  
  16  0:51  Pylon  
  16  1:18  Assimilator  
  16  1:36  Zealot  
  16  1:38  Cybernetics Core  
  18  1:45  Probe (Chrono Boost)  
  19  1:57  Pylon  
  20  2:01  Probe (Chrono Boost)  
  20  2:05  Warp Gate  
  20  2:13  Probe (Chrono Boost)  
  20  2:14  Adept  
  23  2:24  Probe (Chrono Boost)  
  24  2:36  Probe (Chrono Boost)  
  25  2:39  Stalker  
  27  2:47  Probe (Chrono Boost)  
  28  3:07  Adept  
  29  4:03  Probe (Chrono Boost)  
  29  5:29  Probe (Chrono Boost)  
  30  5:43  Stalker  
  30  5:45  Probe (Chrono Boost)  
  30  5:47  Pylon  
  33  5:50  Nexus  
  33  6:06  Stalker, Probe (Chrono Boost)  
  33  6:07  Robotics Facility  
  33  6:10  Pylon  
  32  6:17  Probe (Chrono Boost)  
  29  6:28  Probe (Chrono Boost)  
  29  6:29  Stalker  
  32  6:52  Sentry  
  34  6:55  Observer  
  35  7:05  Probe (Chrono Boost)  
  35  7:08  Probe (Chrono Boost)  
  36  7:15  Stalker, Observer, Assimilator  
  39  7:16  Probe (Chrono Boost)  
  39  7:18  Probe (Chrono Boost), Assimilator  
  35  7:28  Probe (Chrono Boost)  
  33  7:36  Immortal  
  33  7:39  Probe (Chrono Boost)  
  28  7:46  Zealot  
  28  7:49  Pylon  
  28  7:50  Probe (Chrono Boost)  
  29  8:02  Probe (Chrono Boost)  
  29  8:05  Zealot  
  33  8:13  Probe (Chrono Boost)  
  33  8:25  Probe (Chrono Boost)  
  38  8:29  Pylon  
  34  8:34  Zealot  
  34  8:36  Probe (Chrono Boost)  
  8  8:53  Zealot  
Tags
 
Matchup
PvZ
Replay Pack
21-11-15
Add a new tag
Caveats
  • Supply blocks, unpowered buildings, or Contaminate may cause inaccurate times.
  • Supply counts are checked every 10 seconds.